cohdb
Replays
Latest Replays
All Replays
Popular Replays
Top Player Replays
Match Explorer
How It Works
Community
CoH3 Stats
Reddit
Sign in to upload your games and track your stats! →
Sign in with Steam
Match 25191149
Unlisted
Match 25191149
Overview
Messages
Build Orders
End
Construct Infanterie Kompanie
Selects Mechanized Battlegroup
MG 42 Machine Gun Team
Grenadier Squad
MG 42 Machine Gun Team
Grenadier Squad
Construct Panzergrenadier Kompanie
251 Medium Carrier
MG 42 Bunker
Pak 40 Anti-tank Gun Team
Pioneer Squad
Selects Raid Package
Selects 8 Rad Armored Car
8 Rad Armored Car
Construct Panzer Kompanie
Selects UNKNOWN (2160084)
Panzer IV Medium Tank
Sturmpanzer IV Brummbär
Selects Spotting Scopes
Selects Stoßtruppen Assault Package
Selects Mechanized Assault
Mechanized Assault
Sturmpanzer IV Brummbär
Tony Jaa
엘비
superyaought
leems330
Metalharl
Africanoblanco
^3
RommelF
0
0
Comments
sign in to comment!
No comments posted yet!